 Dungeon Crawl Stone Soup version 0.21.1-1-g345015f (webtiles) character file.

9 Wehk the Ogre Mage (level 2, 0/27 HPs)
             Began as an Ogre Wizard on Mar 17, 2018.
             Succumbed to an adder's poison
             ... on level 1 of the Dungeon.
             The game lasted 00:02:32 (882 turns).

Wehk the Ogre Mage (Ogre Wizard)                     Turns: 882, Time: 00:02:32

Health: 0/27       AC:  3    Str: 10    XL:     2   Next: 12%
Magic:  2/6        EV: 10    Int: 19    God:
Gold:   36         SH:  0    Dex:  7    Spells: 7/8 levels left

rFire    . . .     SeeInvis .   w - +0 whip
rCold    . . .     Gourm    .   (no shield)
rNeg     . . .     Faith    .   a - +0 robe
rPois    .         Spirit   .   b - +0 hat
rElec    .         Reflect  .   (no cloak)
rCorr    .         Harm     .   (gloves unavailable)
MR       .....                  (boots unavailable)
Stlth    +.........             (no amulet)
HPRegen  0.09/turn              (no ring)
MPRegen  0.10/turn              (no ring)

@: lethally poisoned (0 -> -8)
A: large, unfitting armour, tough skin 1
a: no special abilities


You were on level 1 of the Dungeon.
You were not hungry.

You visited 1 branch of the dungeon, and saw 2 of its levels.

You collected 36 gold pieces.

Inventory:

Hand Weapons
 w - a +0 whip (weapon)
Missiles
 f - 27 stones (quivered)
Armour
 a - a +0 robe (worn)
 b - a +0 hat (worn)
Jewellery
 i - a +3 ring of strength {unknown}
Scrolls
 e - 2 scrolls of remove curse
 h - 3 scrolls of identify {unknown}
Books
 c - a book of Minor Magic

   Spells                             Type                      Level
   a - Magic Dart                     Conjuration                  1
   b - Blink                          Translocation                2
   c - Call Imp                       Summoning                    2
   d - Slow                           Hexes                        2
   e - Conjure Flame                  Conjuration/Fire             3
   f - Mephitic Cloud                 Conjuration/Poison/Air       3
Comestibles
 g - 3 rations


   Skills:
 + Level 1.3 Fighting
 + Level 0.4 Maces & Flails
 - Level 1.7 Dodging
 - Level 1.4 Stealth
 - Level 3.6 Spellcasting
 + Level 1.3 Conjurations
   Level 0.8 Summonings
   Level 0.8 Translocations


You had 7 spell levels left.
You knew the following spells:

 Your Spells              Type           Power        Failure   Level  Hunger
a - Magic Dart            Conj           #...         9%          1    None


Dungeon Overview and Level Annotations

Branches:
Dungeon (2/15)

Altars:


Innate Abilities, Weirdness & Mutations

You are too large for most types of armour.
You have tough skin. (AC +1)


Message History

As you read the scroll labeled TEMUTU PAHUCS, it crumbles to dust.
You feel blessed for a moment.
It was a scroll of remove curse.
* * * LOW HITPOINT WARNING * * *
You feel sick. The adder bites you but does no damage.
You barely miss the adder.
The adder is heavily wounded.
* * * LOW HITPOINT WARNING * * *
You feel sick. The adder barely misses you. The adder bites you.
* * * LOW HITPOINT WARNING * * *
You miss the adder.
The adder is heavily wounded.
* * * LOW HITPOINT WARNING * * *
You feel sick. The adder bites you.
* * * LOW HITPOINT WARNING * * *
You closely miss the adder.
The adder is heavily wounded.
The adder barely misses you.
You hit the adder.
The adder is severely wounded.
You die...

#.# #..# #.# #.# #.#
#..# #.# #.# #.# #..#
#.# #.# ###.########..#
#.# #.# #
#.............# #.# #.#
# #.#.#######...####.#
#.# #
#.#......##.....##.# #.#
###.#.####.##..##.##.#
#.#
................@S##.#
#.#
###.#.####.........#.#
#.#
##.♣.♣####...P♣...#.#
#.#
#...........♣♣♣P♣.#.#
#.#
#..♣.♣.....P♣P♣♣..#.###
#.#
##..........PP♣♣♣......#
#.#
....♣.♣........♣.♣..##.#
#.#
##.#...........P.....#.#
#.#
#.#...(......P...##.#.#
#.#


You could see an adder.

Vanquished Creatures
  3 goblins (D:1)
  A hobgoblin (D:1)
  4 frilled lizards (D:1)
  2 kobolds (D:1)
10 creatures vanquished.

Notes
Turn   | Place    | Note
-------+----------+-------------------------------------------
     0 | D:1      | Wehk the Ogre Wizard began the quest for the Orb.
     0 | D:1      | Reached XP level 1. HP: 16/16 MP: 5/5
    13 | D:1      | Reached skill level 1 in Conjurations
   168 | D:1      | Reached skill level 1 in Fighting
   352 | D:1      | Reached XP level 2. HP: 27/27 MP: 3/6
   880 | D:1      | HP: 1/27 [adder (2)]
   882 | D:1      | Succumbed to an adder's poison

Skill      XL: |  1 |
---------------+----+-----
Conjurations   | 1 |  1.3
Fighting       | 1 |  1.3
Maces & Flails | |  0.4
Dodging        | |  1.7
Stealth        | |  1.4
Spellcasting   | |  3.6
Summonings     | |  0.8
Translocations | |  0.8

Action                   || total
-------------------------++-------
Melee: Club              ||     3
       Whip              ||    11
 Cast: Magic Dart        ||    20
  Use: Scroll            ||     2
Armor: Robe              ||     3
Dodge: Dodged            ||     8
